 Dungeon Crawl Stone Soup version 0.23.0-3-gf3c87f2df8 (webtiles) character file.

Game seed: 5810619519595548684

7438 PentaManta the Swashbuckler (level 11, -1/106 HPs)
             Began as a Kobold Berserker on Feb 21, 2019.
             Was a High Priest of Trog.
             Slain by a four-headed hydra (2 damage)
             ... on level 9 of the Dungeon.
             The game lasted 00:33:07 (7463 turns).

PentaManta the Swashbuckler (Kobold Berserker)      Turns: 7463, Time: 00:33:08

Health: -1/106     AC:  8    Str: 22      XL:     11   Next: 37%
Magic:  11/11      EV: 21    Int: 10      God:    Trog [*****.]
Gold:   443        SH:  0    Dex: 15 (16) Spells: 10/10 levels left

rFire    . . .     SeeInvis +   J - +4 short sword (flame) (curse)
rCold    . . .     Gourm    .   (shield restricted)
rNeg     . . .     Faith    .   M - +0 troll leather armour
rPois    .         Spirit   .   p - +0 helmet
rElec    .         Reflect  .   I - +0 cloak
rCorr    .         Harm     .   m - +0 pair of gloves
MR       .....                  t - +0 pair of boots
Stlth    ..........             (no amulet)
HPRegen  0.67/turn              B - +2 ring of intelligence
MPRegen  0.12/turn              D - ring of see invisible

@: berserking, very quick
A: small, carnivore
a: Berserk, Trog's Hand, Brothers in Arms, Renounce Religion


You were on level 9 of the Dungeon.
You worshipped Trog.
Trog was extremely pleased with you.
You were not hungry.

You visited 1 branch of the dungeon, and saw 9 of its levels.
You also visited: Ossuary.

You collected 443 gold pieces.

Inventory:

Hand Weapons
 l - a +2 antimagic short sword
 J - a cursed +4 short sword of flaming (weapon)
 N - a +2 dagger of venom
Armour
 m - a +0 pair of gloves (worn)
 p - a +0 helmet (worn)
 t - a +0 pair of boots (worn)
 H - a +1 robe of magic resistance
 I - a +0 cloak (worn)
 L - a +1 robe of cold resistance
 M - a +0 troll leather armour (worn)
Jewellery
 B - a +2 ring of intelligence (left hand)
 D - a ring of see invisible (right hand)
 G - an uncursed ring of magical power
Wands
 k - a wand of digging (4)
 q - a wand of flame (13)
 A - a wand of paralysis (7)
 E - a wand of iceblast (6)
Scrolls
 g - 4 scrolls of identify
 i - a scroll of magic mapping
 n - a scroll of amnesia
 o - 9 scrolls of remove curse
 s - 3 scrolls of enchant armour
 v - 2 scrolls of teleportation
 y - 2 scrolls of fear
 C - a scroll of enchant weapon
Potions
 a - 4 potions of curing
 b - 3 potions of mutation
 d - 4 potions of flight
 e - 2 potions of brilliance
 f - 2 potions of haste
 h - 3 potions of ambrosia
 r - 2 potions of cancellation
 u - a potion of invisibility
 w - 6 potions of might
 x - 2 potions of degeneration {unknown}
 z - a potion of berserk rage
 F - a potion of heal wounds
Miscellaneous
 j - a phial of floods
Comestibles
 c - 14 rations


   Skills:
 + Level 9.0 Fighting
 - Level 15.0 Short Blades
 - Level 1.5 Armour
 - Level 10.0 Dodging
 + Level 6.3 Stealth


You had 10 spell levels left.
You didn't know any spells.
Your spell library contained the following spells:

 Spells                   Type           Power        Failure   Level  Hunger
 Flame Tongue             Conj/Fire      #....        41%         1    ##.....
 Throw Flame              Conj/Fire      #.....       54%         2    ###....
 Conjure Flame            Conj/Fire      #.......     78%         3    ####...
 Inner Flame              Hex/Fire       #.......     78%         3    ####...
 Sticky Flame             Conj/Fire      #.......     99%         4    #####..
 Fireball                 Conj/Fire      #.........   100%        5    ######.


Dungeon Overview and Level Annotations

Branches:
Dungeon (10/15)            Temple (0/1) D:7
   Lair: D:8-11         Orc: D:9-12

Altars:
Cheibriados
Elyvilon
Nemelex Xobeh
Okawaru
Qazlal
Trog
Wu Jian
Xom
Yredelemnul


Innate Abilities, Weirdness & Mutations

You are small and have problems with some larger weapons.
You are carnivorous and can eat meat at any time.


Message History

The four-headed hydra bites you.
* * * LOW HITPOINT WARNING * * *
The leopard gecko barely misses you.
You puncture the four-headed hydra! You burn the four-headed hydra.
The four-headed hydra is severely wounded.
The leopard gecko misses you.
The orc warrior hits you but does no damage.
You puncture the four-headed hydra! You burn the four-headed hydra.
The four-headed hydra is almost dead.
You barely miss the four-headed hydra.
The four-headed hydra is almost dead.
The orc misses you. The leopard gecko misses you.
The leopard gecko completely misses you.
The four-headed hydra bites you!
* * * LOW HITPOINT WARNING * * *
The four-headed hydra closely misses you.
The four-headed hydra bites you!
* * * LOW HITPOINT WARNING * * *
The four-headed hydra bites you.
You die...

. ##.#######
############.........
...#.......#.........
....................
#.......#.........
#.Doo....?.#......
#..@lo..))........
#.lo.(...!........
#.(.....[##.......
#(##....†.#.......
#((.....(.#...##..
#.....#...>.##.#...#
.
#.....#.###...%.....
#.......# #..........
#.(...#.#
#....#.....#


You could see a four-headed hydra, an orc warrior, an orc priest, 2 orcs and 2
leopard geckos.

Vanquished Creatures
  Pikel (D:4)
  Maurice (D:10)
  A gargoyle (D:10)
  2 trolls (D:10)
  A hippogriff (D:7)
  Sigmund (D:2)
  A wyvern (D:10)
  7 yaks (D:10)
  A wraith (D:10)
  A warg (D:9)
  2 orc warriors
  2 phantoms
  A slave (D:4)
  A necrophage (D:7)
  A hornet zombie (D:7)
  3 ice beasts
  A sky beast (D:6)
  An eye of draining (D:3)
  5 ogres
  3 centaurs
  A big kobold (D:10)
  5 bullfrogs
  Blork the orc (D:6)
  9 scorpions
  7 wights
  7 crimson imps
  2 centaur zombies
  A quasit (D:9)
  A human zombie (Ossuary)
  A bullfrog zombie (D:7)
  2 centaur skeletons
  4 hounds
  2 jellies
  3 bullfrog skeletons
  3 orc priests
  6 orc wizards
  Natasha (thrice) (D:4)
  3 worker ants
  2 big kobold zombies (Ossuary)
  3 mummies (Ossuary)
  5 gnolls (D:3)
  7 scorpion zombies (Ossuary)
  9 adders
  2 shadow imps
  An adder skeleton (D:5)
  An adder zombie (D:9)
  A worm (D:2)
  A dart slug (D:3)
  8 leopard geckos
  16 orcs
  7 giant cockroaches
  3 gnoll zombies
  8 hobgoblins
  4 jackals (D:4)
  11 kobolds
  3 quokkas
  2 ball pythons
  8 bats
  3 frilled lizards
  9 goblins
  A goblin zombie (Ossuary)
  2 kobold zombies (Ossuary)
  A leopard gecko zombie (D:6)
  2 rats (D:2)
218 creatures vanquished.

Vanquished Creatures (collateral kills)
  A giant cockroach (D:6)
1 creature vanquished.

Vanquished Creatures (others)
  A scorpion (Ossuary)
  An orc zombie (Ossuary)
2 creatures vanquished.

Grand Total: 221 creatures vanquished

Notes
Turn   | Place    | Note
-------+----------+-------------------------------------------
     0 | D:1      | PentaManta the Kobold Berserker began the quest for the
                  | Orb.
     0 | D:1      | Reached XP level 1. HP: 14/14 MP: 1/1
    78 | D:1      | Reached XP level 2. HP: 8/19 MP: 2/2
   842 | D:2      | Reached XP level 3. HP: 24/24 MP: 3/3
   925 | D:2      | Reached skill level 5 in Short Blades
   936 | D:2      | Reached ** piety under Trog
  1001 | D:2      | Reached XP level 4. HP: 29/29 MP: 4/4
  1044 | D:2      | Reached skill level 6 in Short Blades
  1135 | D:2      | Noticed Sigmund
  1141 | D:2      | Killed Sigmund
  1141 | D:2      | Reached skill level 8 in Short Blades
  1141 | D:2      | Reached XP level 5. HP: 33/33 MP: 5/5
  1141 | D:2      | Reached XP level 6. HP: 38/38 MP: 6/6
  2096 | D:3      | Found a bloodstained altar of Trog.
  2098 | D:3      | Noticed an eye of draining
  2105 | D:3      | Reached skill level 9 in Short Blades
  2115 | D:3      | Killed an eye of draining
  2115 | D:3      | Reached XP level 7. HP: 30/43 MP: 0/7
  2180 | D:4      | Reached skill level 10 in Short Blades
  2217 | D:4      | Noticed Natasha
  2236 | D:4      | Killed Natasha
  2256 | D:4      | Noticed Natasha
  2268 | D:4      | Killed Natasha
  2324 | D:4      | Reached *** piety under Trog
  2324 | D:4      | Reached skill level 11 in Short Blades
  2324 | D:4      | Reached XP level 8. HP: 34/48 MP: 2/8
  2439 | D:4      | Noticed Pikel
  2439 | D:4      | Noticed Natasha
  2455 | D:4      | Killed Pikel
  2455 | D:4      | Reached skill level 12 in Short Blades
  2458 | D:4      | Killed Natasha
  2542 | D:4      | Found a stormy altar of Qazlal.
  2549 | D:4      | Found a sparkling altar of Nemelex Xobeh.
  2550 | D:4      | Found an ornate altar of the Wu Jian Council.
  2550 | D:4      | Found a shimmering altar of Xom.
  2551 | D:4      | Found a snail-covered altar of Cheibriados.
  2757 | D:4      | Found a basalt altar of Yredelemnul.
  2800 | D:5      | Entered Level 5 of the Dungeon
  2812 | D:5      | Reached skill level 13 in Short Blades
  2895 | D:5      | Reached XP level 9. HP: 52/52 MP: 3/9
  3400 | D:5      | Found a sand-covered staircase.
  3405 | Ossuary  | Entered an ossuary
  3422 | Ossuary  | Reached skill level 14 in Short Blades
  3888 | Ossuary  | Reached **** piety under Trog
  3993 | Ossuary  | Reached skill level 15 in Short Blades
  4863 | D:6      | Reached skill level 5 in Fighting
  4863 | D:6      | Reached skill level 5 in Dodging
  4978 | D:6      | Reached XP level 10. HP: 48/59 MP: 3/10
  5114 | D:6      | Noticed Blork the orc
  5121 | D:6      | Found an iron altar of Okawaru.
  5124 | D:6      | Killed Blork the orc
  5358 | D:7      | Found a staircase to the Ecumenical Temple.
  6241 | D:7      | You fall through a shaft for 3 floors!
  6241 | D:10     | Entered Level 10 of the Dungeon
  6265 | D:10     | Noticed a gargoyle
  6469 | D:10     | Found a white marble altar of Elyvilon.
  6498 | D:10     | Noticed Maurice
  6527 | D:10     | Killed a gargoyle
  6530 | D:10     | Killed Maurice
  6530 | D:10     | Reached skill level 10 in Dodging
  6530 | D:10     | Reached XP level 11. HP: 67/67 MP: 11/11
  6545 | D:10     | Reached skill level 1 in Stealth
  7109 | D:10     | Reached ***** piety under Trog
  7113 | D:10     | Reached skill level 5 in Stealth
  7309 | D:9      | Noticed a four-headed hydra
  7463 | D:9      | HP: 1/106 [four-headed hydra (14)]
  7463 | D:9      | Slain by a four-headed hydra

Skill      XL: |  1  2  3  4  5  6  7  8  9 10 11 |
---------------+----------------------------------+-----
Fighting       | 4 5 7 9 |  9.0
Short Blades   | 5 8 9 11 13 15 | 15.0
Dodging        | 5 10 | 10.0
Stealth        | 6 |  6.3
Armour         | |  1.5

Action                   |  1- 3 |  4- 6 |  7- 9 | 10-12 || total
-------------------------+-------+-------+-------+-------++-------
Melee: Short sword       |    49 |       |   494 |   323 ||   866
       Dagger            |    32 |   133 |    12 |       ||   177
Invok: Berserk           |       |     2 |    13 |    10 ||    25
       Trog's Hand       |       |       |     2 |     2 ||     4
       Brothers in Arms  |       |       |     1 |       ||     1
  Use: Scroll            |     8 |     3 |     7 |     4 ||    22
 Stab: Sleeping          |     1 |       |       |     1 ||     2
       Distracted        |       |       |     1 |       ||     1
  Eat: Chunk             |     9 |     5 |     8 |    20 ||    42
       Ration            |       |       |     4 |       ||     4
Armor: Animal skin       |     2 |       |       |       ||     2
       Scale mail        |    14 |    35 |    95 |    31 ||   175
       Troll leather arm |       |       |       |    12 ||    12
Dodge: Dodged            |    44 |    61 |   149 |   177 ||   431
